General information
- name: BNet
- type: Ladder team game (AT/RT)
- host: Battle.net
- saver: IDIOT.4V4RT.
map: GoldRush
- players: 8
- length: 11:52
- speed: Fast
- version: 1.24 W3XP
- replay type: Public
» download(66 KB)
Players
team 1 (loser)
IDIOT.4V4RT. (
red | 61 APM | 728 actions | 11:52)
3 Mountain King
2 Storm Bolt
1 Bash
1 Paladin
1 Holy Light
» actions
| Assign group hotkey | 14 | |
| Basic commands | 11 | |
| Build / train | 45 | |
| Enter build submenu | 12 | |
| Enter hero's abilities submenu | 4 | |
| Right click | 321 | |
| Select / deselect | 103 | |
| Select group hotkey | 178 | |
| Use ability | 40 | |
728 total
» units
| Peasant | 18 | |
| Footman | 4 | |
| Forest Troll Shadow Priest | 1 | |
23 total
» upgrades
» buildings
| Barracks | 1 | |
| Altar of Kings | 1 | |
| Farm | 3 | |
| Scout Tower | 5 | |
| Arcane Vault | 1 | |
| Arcane Tower | 2 | |
| Keep | 2 | |
| Lumber Mill | 1 | |
| Blacksmith | 1 | |
| Guard Tower | 5 | |
22 total
» build order
00:13 Barracks
00:21 Altar of Kings
00:39 Farm
00:53 Farm
01:45 Scout Tower
01:56 Farm
02:06 Arcane Vault
02:12 Arcane Tower
02:12 Arcane Tower
03:11 Keep
03:11 Keep
03:45 Lumber Mill
03:51 Blacksmith
03:58 Scout Tower
03:59 Scout Tower
04:00 Scout Tower
04:02 Scout Tower
04:52 Guard Tower
04:52 Guard Tower
05:11 Guard Tower
» items
| Scroll of Regeneration | 1 | |
| Potion of Mana | 1 | |
| Potion of Healing | 2 | |
| Scroll of Town Portal | 1 | |
5 total
Kevman881 (
green | 32 APM | 384 actions | 11:50)
3 Archmage
2 Blizzard
1 Brilliance Aura
» actions
| Assign group hotkey | 2 | |
| Basic commands | 52 | |
| Build / train | 30 | |
| Enter build submenu | 14 | |
| Enter hero's abilities submenu | 4 | |
| Right click | 52 | |
| Select / deselect | 107 | |
| Select group hotkey | 98 | |
| Use ability | 25 | |
384 total
» units
| Peasant | 8 | |
| Rifleman | 8 | |
| Ghoul | 3 | |
| Mortar Team | 2 | |
21 total
» upgrades
» buildings
| Altar of Kings | 1 | |
| Farm | 6 | |
| Barracks | 1 | |
| Scout Tower | 2 | |
| Blacksmith | 1 | |
| Arcane Tower | 1 | |
| Keep | 1 | |
| Arcane Vault | 1 | |
| Workshop | 1 | |
| Castle | 1 | |
16 total
» build order
00:04 Altar of Kings
00:05 Farm
00:57 Barracks
01:13 Scout Tower
01:48 Blacksmith
02:13 Arcane Tower
03:06 Farm
03:11 Keep
03:24 Arcane Vault
03:45 Farm
04:24 Farm
05:02 Farm
06:47 Farm
06:51 Workshop
07:16 Castle
07:21 Scout Tower
» items
m.3 (
blue | 116 APM | 1376 actions | 11:50)
3 Blademaster
1 Wind Walk
2 Critical Strike
» actions
| Assign group hotkey | 109 | |
| Basic commands | 166 | |
| Build / train | 31 | |
| Enter build submenu | 12 | |
| Enter hero's abilities submenu | 3 | |
| Give item / drop item | 4 | |
| Right click | 463 | |
| Select / deselect | 112 | |
| Select group hotkey | 421 | |
| Use ability | 55 | |
1376 total
» units
» upgrades
» buildings
| Altar of Storms | 1 | |
| Orc Burrow | 3 | |
| Barracks | 1 | |
| Voodoo Lounge | 1 | |
| Great Hall | 1 | |
| Stronghold | 2 | |
| War Mill | 1 | |
| Spirit Lodge | 1 | |
| Beastiary | 1 | |
12 total
» build order
00:11 Altar of Storms
00:21 Orc Burrow
00:51 Barracks
01:27 Voodoo Lounge
01:45 Orc Burrow
02:58 Great Hall
03:58 Stronghold
03:58 Stronghold
04:57 Orc Burrow
05:35 War Mill
06:56 Spirit Lodge
06:58 Beastiary
» items
| Healing Salve | 2 | |
| Circlet of Nobility | 2 | |
| Potion of Healing | 3 | |
| Lesser Clarity Potion | 1 | |
| Potion of Mana | 1 | |
9 total
DaveSanity (
teal | 14 APM | 83 actions | 05:56)
1 Lich
1 Frost Armor
» actions
| Assign group hotkey | 1 | |
| Basic commands | 1 | |
| Build / train | 10 | |
| Enter build submenu | 6 | |
| Enter hero's abilities submenu | 1 | |
| Right click | 23 | |
| Select / deselect | 33 | |
| Select group hotkey | 1 | |
| Use ability | 7 | |
83 total
» units
» buildings
| Altar of Darkness | 1 | |
| Ziggurat | 2 | |
| Crypt | 2 | |
| Graveyard | 1 | |
| Halls of the Dead | 1 | |
7 total
» build order
00:15 Altar of Darkness
00:21 Ziggurat
00:25 Crypt
01:46 Ziggurat
02:52 Graveyard
03:12 Halls of the Dead
04:18 Crypt
team 2 (winner)

»
CaptainBlood (
yellow | 33 APM | 390 actions | 11:52)
1 Lich
1 Frost Nova
» actions
| Basic commands | 2 | |
| Build / train | 36 | |
| Enter build submenu | 19 | |
| Enter hero's abilities submenu | 1 | |
| Give item / drop item | 3 | |
| Right click | 89 | |
| Select / deselect | 220 | |
| Use ability | 17 | |
390 total
» units
| Acolyte | 7 | |
| Ghoul | 15 | |
| Obsidian Statue | 2 | |
| Abomination | 3 | |
27 total
» upgrades
| Creature Attack | 2 | |
| Creature Carapace | 1 | |
| Unholy Armor | 1 | |
| Disease Cloud | 1 | |
5 total
» buildings
| Crypt | 1 | |
| Ziggurat | 4 | |
| Altar of Darkness | 1 | |
| Tomb of Relics | 1 | |
| Graveyard | 1 | |
| Halls of the Dead | 1 | |
| Slaughterhouse | 2 | |
| Sacrificial Pit | 1 | |
| Black Citadel | 1 | |
| Boneyard | 2 | |
15 total
» build order
00:38 Crypt
00:41 Ziggurat
00:44 Altar of Darkness
01:34 Ziggurat
01:40 Tomb of Relics
02:59 Graveyard
03:21 Halls of the Dead
03:43 Ziggurat
03:50 Ziggurat
06:45 Slaughterhouse
06:50 Slaughterhouse
07:01 Sacrificial Pit
08:13 Black Citadel
10:50 Boneyard
10:53 Boneyard

»
DeathAntzer (
orange | 35 APM | 413 actions | 11:52)
3 Warden
2 Fan of Knives
1 Shadow Strike
» actions
| Basic commands | 13 | |
| Build / train | 42 | |
| Enter build submenu | 17 | |
| Enter hero's abilities submenu | 3 | |
| Right click | 144 | |
| Select / deselect | 166 | |
| Use ability | 23 | |
413 total
» units
| Wisp | 10 | |
| Archer | 7 | |
| Huntress | 6 | |
| Forest Troll Shadow Priest | 1 | |
| Hippogryph | 4 | |
28 total
» upgrades
| Strength of the Moon | 2 | |
| Moon Armor | 2 | |
| Hippogryph Taming | 1 | |
5 total
» buildings
| Moon Well | 4 | |
| Altar of Elders | 1 | |
| Ancient of War | 1 | |
| Ancient of Wonders | 1 | |
| Hunter's Hall | 1 | |
| Tree of Ages | 1 | |
| Ancient Protector | 1 | |
| Ancient of Wind | 1 | |
| Tree of Eternity | 1 | |
12 total
» build order
00:14 Moon Well
00:29 Altar of Elders
01:09 Ancient of War
01:35 Moon Well
02:09 Moon Well
02:30 Ancient of Wonders
02:54 Hunter's Hall
04:08 Tree of Ages
05:56 Moon Well
06:32 Ancient Protector
07:06 Ancient of Wind
08:34 Tree of Eternity
» items
| Dust of Appearance | 1 | |
| Rod of Necromancy | 1 | |
| Scroll of Town Portal | 1 | |
3 total

»
peonrapist (
pink | 23 APM | 272 actions | 11:52)
3 Keeper of the Grove
2 Force of Nature
1 Thorns Aura
» actions
| Build / train | 44 | |
| Enter build submenu | 14 | |
| Enter hero's abilities submenu | 3 | |
| Right click | 70 | |
| Select / deselect | 120 | |
| Use ability | 21 | |
272 total
» units
» upgrades
| Strength of the Moon | 2 | |
| Moon Armor | 2 | |
| Upgrade Moon Glaive | 1 | |
5 total
» buildings
| Moon Well | 5 | |
| Altar of Elders | 1 | |
| Ancient of War | 2 | |
| Tree of Ages | 1 | |
| Hunter's Hall | 1 | |
| Ancient Protector | 3 | |
| Tree of Eternity | 1 | |
| Tree of Life | 1 | |
15 total
» build order
00:23 Moon Well
00:37 Altar of Elders
00:51 Ancient of War
01:43 Moon Well
03:08 Tree of Ages
03:40 Moon Well
03:49 Hunter's Hall
04:37 Moon Well
06:45 Ancient Protector
06:54 Ancient Protector
08:10 Tree of Eternity
08:23 Ancient Protector
09:25 Tree of Life
10:28 Moon Well
10:55 Ancient of War
justtrev (
purple | 22 APM | 259 actions | 11:52)
1 Paladin
1 Divine Shield
» actions
| Build / train | 31 | |
| Enter build submenu | 13 | |
| Enter hero's abilities submenu | 1 | |
| Remove unit from queue | 2 | |
| Right click | 81 | |
| Select / deselect | 115 | |
| Use ability | 16 | |
259 total
» units
| Peasant | 5 | |
| Footman | 8 | |
| Rifleman | 11 | |
24 total
» upgrades
» buildings
| Barracks | 1 | |
| Altar of Kings | 1 | |
| Lumber Mill | 1 | |
| Farm | 5 | |
| Blacksmith | 1 | |
| Arcane Vault | 1 | |
10 total
» build order
00:10 Barracks
00:18 Altar of Kings
01:24 Lumber Mill
01:28 Farm
02:19 Farm
03:16 Farm
04:23 Blacksmith
06:41 Farm
10:56 Arcane Vault
11:39 Farm
Chat log
(00:52 / Allies) DaveSanity: spiders/casters
(00:59 / Allies) m.3: >spiders
(01:06 / Allies) Kevman881: herpes
(04:30 / Allies) m.3: get away from me
(04:41 / Allies) DaveSanity: ?
(04:52 / Allies) m.3: yeah u dimwit
(05:15 / Allies) DaveSanity: kill yourself
(05:22 / Allies) m.3: stupid and rage problem huh
(05:25 / Allies) m.3: good combo loser
(05:40 / Allies) m.3: omw
(05:44 / Allies) Kevman881: keep it down you little sluts
(05:47 / Allies) Kevman881: :D
(05:48 / Allies) DaveSanity: i have rage? your the one telling me to leave you alone, then called me a dimwit for no valid reason. just kill yourself.
(05:56 / Allies) Kevman881: lololol
(05:58 / Allies) m.3: yeah we fucked
(07:34 / Allies) m.3: us uck
(07:34 / Allies) m.3: wow
(07:37 / Allies) m.3: nice blizzard retard
(07:41 / Allies) Kevman881: :(
(07:54 / Allies) Kevman881: sorry i didnt cancel it fast enough bro
(08:00 / Allies) Kevman881: this game is srs
(08:10 / Allies) m.3: nah just that idiots irritate me
(08:16 / Allies) IDIOT.4V4RT.: lets stab
(08:17 / Allies) IDIOT.4V4RT.: green?
(08:26 / Allies) m.3: stab?
(08:29 / Allies) m.3: u wana tk me?
(08:30 / Allies) m.3: lol
(08:31 / Allies) Kevman881: back stab homo
(08:44 / Allies) IDIOT.4V4RT.: lets stab blue?
(08:45 / Allies) m.3: no need i'll do it mnyself and leave
(08:50 / Allies) Kevman881: sure why not
(08:55 / Allies) IDIOT.4V4RT.: gogo
(09:05 / Allies) Kevman881: oh hes got it
(09:14 / Allies) m.3: didnt even call militia to bs
(09:15 / Allies) m.3: lmao
(09:18 / Allies) m.3: us uck ass red
(09:32 / Allies) IDIOT.4V4RT.: come green
(09:37 / Allies) Kevman881: lol
(09:40 / All) m.3: why is this kid repairing lmao
(09:41 / Allies) Kevman881: wow dude
(09:46 / Allies) Kevman881: hahahaha
(10:02 / All) m.3: holy shit dumb red
(10:06 / Allies) Kevman881: YOU LIKE THIS BLIZZARD!?!?!?!
(10:06 / All) IDIOT.4V4RT.: i know lawl
(10:13 / All) IDIOT.4V4RT.: green is too stupid to realize i was repairing it
(10:14 / All) m.3: this guy tried to kill my main
(10:21 / All) IDIOT.4V4RT.: i was repairing it retard
(10:21 / Allies) Kevman881: what?
(10:29 / All) m.3: fucking hilarious
(10:29 / All) Kevman881: excuse me?
(10:41 / All) IDIOT.4V4RT.: i was repairing it, ur th eidiot
(10:43 / All) Kevman881: i didnt have a tp
(10:45 / All) Kevman881: you fuck
(10:49 / All) Kevman881: so who cares
(11:29 / All) Kevman881: youre all like, tk tk tk tk yeah!, and then you repair it when im the at the next base over
(11:38 / All) Kevman881: even if i did have a tp i could have walked there faster
(11:48 / All) Kevman881: so fuck you
(11:49 / All) IDIOT.4V4RT.: green ur a 40% noob plz shut up